 Dungeon Crawl Stone Soup version 0.27-a0-1065-ge809cff456 (webtiles) character file.

Game seed: 2617786824039506731

53 funkygono the Firebug (level 3, -2/19 HPs)
             Began as a Gargoyle Fire Elementalist on Apr 24, 2021.
             Slain by a wyvern zombie (3 damage)
             ... on level 3 of the Dungeon.
             The game lasted 00:02:24 (1650 turns).

funkygono the Firebug (Gargoyle Fire Elementalist)  Turns: 1650, Time: 00:02:24

Health: -2/19      AC:  5    Str: 11    XL:     3   Next: 87%
Magic:  5/7        EV: 12    Int: 16    God:
Gold:   53         SH:  0    Dex: 10    Spells: 6/7 levels left

rFire    + . .     SeeInvis .   g - +1 short sword (flame)
rCold    x . .     Faith    .   (no shield)
rNeg     + . .     Spirit   .   a - +0 robe
rPois    ∞         Reflect  .   (no helmet)
rElec    +         Harm     .   (no cloak)
rCorr    .         Rampage  .   (no gloves)
Will     .....                  (no boots)
Stlth    ++........             (no amulet)
HPRegen  0.06/turn              j - ring of fire
MPRegen  0.10/turn              (no ring)

@: no status effects
A: AC +3, negative energy resistance 1, electricity resistance, torment
resistance 1, unbreathing 1, petrification resistance
a: no special abilities


You were on level 3 of the Dungeon.
You visited 1 branch of the dungeon, and saw 3 of its levels.

You collected 53 gold pieces.

Inventory:

Hand Weapons
 b - a +0 club
 g - a +1 short sword of flaming (weapon)
Missiles
 c - 34 stones
Armour
 a - a +0 robe (worn)
 h - a +0 leather armour
Magical Staves
 k - a staff of air
Jewellery
 j - a ring of fire (left hand)
Wands
 d - a wand of iceblast (10)
Scrolls
 e - a scroll of magic mapping
 f - 2 scrolls of identify
Potions
 i - a potion of mutation {unknown}


   Skills:
 + Level 1.6 Dodging
 - Level 2.1 Stealth
 * Level 2.7 Spellcasting
 * Level 1.8 Conjurations
 * Level 3.8 Fire Magic


You had 6 spell levels left.
You knew the following spells:

 Your Spells              Type           Power      Damage    Failure   Level
a - Foxfire               Conj/Fire      64%        2x1d7     6%          1

Your spell library contained the following spells:

 Spells                   Type           Power      Damage    Failure   Level
 Conjure Flame            Conj/Fire      16%        6-21      19%         3
 Inner Flame              Hex/Fire       12%        N/A       26%         3
 Sticky Flame             Conj/Fire      16%        2d4       52%         4
 Fireball                 Conj/Fire      8%         3d6       86%         5


Dungeon Overview and Level Annotations

Branches:
Dungeon (3/15)

Altars:


Innate Abilities, Weirdness & Mutations

Your stone body is resilient. (AC +3)
You are immune to poison.
You resist negative energy. (rN+)
You are resistant to electric shocks. (rElec)
You are resistant to unholy torment.
You can survive without breathing.
You are immune to petrification.


Message History

You hit Ijyb. You burn Ijyb.
Ijyb is severely wounded.
The foxfire hits Ijyb.
Ijyb is almost dead.
The foxfire hits Ijyb.
Ijyb is almost dead.
Ijyb hits you with a +0 dagger.
You barely miss Ijyb.
Ijyb is almost dead.
Ijyb completely misses you.
You hit Ijyb. You burn Ijyb.
Ijyb is almost dead.
Ijyb barely misses you.
You hit Ijyb. You burn Ijyb.
You kill Ijyb!
d - a wand of iceblast (10);
i - a green potion
Things that are here:
a +0 dagger; a +0 ring mail; the goblin corpse of Ijyb
There is a stone staircase leading down here.
You start resting.
Magic restored.
You start resting.
HP restored.
You climb downwards.
The wyvern zombie bites you. The wyvern zombie bites you!
Ouch! That really hurt!
There is a stone staircase leading up here.
Casting: Foxfire (safe; 6% risk of failure)
Confirm with . or Enter, or press ? or * to list all spells.
You feel a surge of power!
You conjure some foxfire!
The wyvern zombie bites you.
* * * LOW HITPOINT WARNING * * *
Casting: Foxfire (safe; 6% risk of failure)
Confirm with . or Enter, or press ? or * to list all spells.
You feel a surge of power!
You conjure some foxfire!
The foxfire hits the wyvern zombie.
The wyvern zombie is lightly damaged.
The foxfire hits the wyvern zombie.
The wyvern zombie is lightly damaged.
The wyvern zombie bites you.
You die...

#.......#
#.......#
#.......#
#.......#
#.......#
#.).....#
#.Zv....###
#..@.......
#.§v.......
#######....
... .


You could see a wyvern zombie (ally target).

Vanquished Creatures
  Ijyb (D:2)
  An adder (D:3)
  A ball python (D:1)
  An endoplasm (D:1)
  A goblin (D:3)
  2 hobgoblins (D:2)
  2 jackals (D:1)
  A quokka (D:1)
  4 bats
  2 frilled lizards
  2 kobolds
  2 rats (D:1)
20 creatures vanquished.

Vanquished Creatures (others)
  76 foxfires
76 creatures vanquished.

Grand Total: 96 creatures vanquished

Notes
Turn   | Place    | Note
-------+----------+-------------------------------------------
     0 | D:1      | funkygono the Gargoyle Fire Elementalist began the quest
                  | for the Orb.
     0 | D:1      | Reached XP level 1. HP: 10/10 MP: 3/3
   436 | D:1      | Reached XP level 2. HP: 15/15 MP: 1/5
  1047 | D:2      | Found a faded altar of an unknown god.
  1519 | D:3      | Noticed Ijyb
  1525 | D:3      | Reached XP level 3. HP: 19/19 MP: 0/6
  1545 | D:2      | Killed Ijyb
  1650 | D:3      | Slain by a wyvern zombie

Illustrated notes

Levels and vault maps discovered:
D:1:      ncdulo_smallfort, layout_loops_ring
D:2:      layout_basic, basic_ecumenical_altar
D:3:      layout_basic, overflow_temple_1_default, lemuel_crystal_altar,
          nicolae_overflow_crystal_walls, uniq_ijyb

Action                   || total
-------------------------++-------
Melee: Short sword       ||    16
 Cast: Foxfire           ||    46
  Use: Scroll            ||     3
       Potion            ||     1
Armor: Robe              ||    13
Dodge: Dodged            ||    23

Table legend: (Time is in decaauts)
 A = Elapsed time spent in this place.
 B = Non-inter-level travel time spent in this place.
 C = Inter-level travel time spent in this place.
 D = Time resting spent in this place.
 E = Time spent auto-exploring this place.
 F = Levels seen in this place.
 G = Mean time per level.
                   A        B        C        D        E       F      G
               +--------+--------+--------+--------+--------+-----+--------+
         Total |   1650 |   1598 |     52 |     98 |   1328 |   3 |  550.0 |
       Dungeon |   1650 |   1598 |     52 |     98 |   1328 |   3 |  550.0 |
               +--------+--------+--------+--------+--------+-----+--------+

Top non-repeatable levels by time:
     D:1: 906 daAuts
     D:2: 734 daAuts
     D:3: 9 daAuts
